Description

Jjakji opens with early aggression while still maintaining good economy. He makes up for the delayed expand by moving his main command center to his 4th base after mine-out rather than building a new one. He was up against superb defense oriented play by Bunny who managed to maintain even play against this aggression - this build may have been more successful under other conditions. "Standard" aggressive (2 gas) build

VOD

https://youtu.be/yDtQfo9WwLI

Replay - Bunny v jjakji: Game 1 - 어비설 리프 - 래더

Build Order

Get SALT Encoding   

  12  0:00  SCV  
  13  0:12  SCV  
  14  0:17  Supply Depot  
  14  0:24  SCV  
  14  0:27  Refinery  
  15  0:38  SCV  
  16  0:44  Barracks  
  16  0:50  SCV  
  16  0:55  Refinery  
  17  1:02  SCV  
  18  1:15  SCV  
  19  1:31  Orbital Command, Reaper  
  20  1:36  Factory  
  20  1:51  Supply Depot  
  20  1:57  SCV  
  21  2:03  Reaper  
  22  2:09  SCV  
  23  2:19  Hellion  
  23  2:20  Starport  
  23  2:21  SCV  
  26  2:30  Supply Depot  
  26  2:33  SCV  
  26  2:35  Barracks Tech Lab  
  27  2:42  Cyclone  
  30  2:46  SCV  
  31  2:55  Action  Swap barracks with starport (techlab)
  31  2:58  SCV  
  32  3:03  Raven  
  34  3:10  SCV  
  34  3:22  SCV  
  34  3:24  Cyclone  
  38  3:32  Command Center  
  38  3:33  Barracks Reactor  
  38  3:35  SCV  
  39  3:46  Supply Depot  
  39  3:53  SCV  
  38  4:05  SCV  
  38  4:07  Raven  
  41  4:14  Marine x2  
  43  4:17  Barracks x2, SCV  
  43  4:20  Factory Tech Lab  
  44  4:25  Supply Depot  
  44  4:31  SCV  
  45  4:40  Marine x2  
  45  4:44  SCV  
  48  4:50  Orbital Command  
  48  4:53  Action  Move starport to new location (free up techlab)
  48  4:56  SCV  
  48  4:59  Action  Move barracks to where starport was (techlab)
  49  5:00  Siege Tank  
  49  5:01  Starport Reactor  
  52  5:08  SCV  
  52  5:13  Marine  
  52  5:14  Stimpack, Action  Move new barracks to unused reactor
  52  5:15  Barracks Reactor  
  52  5:16  SCV x2  
  52  5:21  Engineering Bay  
  54  5:24  Marine x2  
  56  5:28  SCV x2  
  56  5:31  Marine  
  59  5:39  Siege Tank  
  59  5:40  SCV x2  
  59  5:42  Marine x2  
  64  5:46  Refinery x2  
  64  5:49  Marine  
  67  5:53  SCV x2  
  67  5:56  Supply Depot  
  69  5:59  Marine  
  70  6:08  Supply Depot x2  
  70  6:14  Terran Infantry Weapons Level 1  
  70  6:17  Marine x4  
  70  6:18  SCV x2  
  76  6:20  Medivac  
  78  6:29  Marine  
  78  6:30  Medivac, SCV x2  
  83  6:35  Marine x2  
  83  6:37  Siege Tank  
  88  6:40  Supply Depot  
  88  6:46  Marine x3  
  88  6:52  Medivac  
  88  6:53  Marine  
  93  7:01  Medivac  
  93  7:04  Marine x4  
  93  7:06  Supply Depot x2  
  99  7:10  Siege Tank  
  102  7:19  Combat Shields, Marine x2  
  101  7:25  Supply Depot  
  101  7:27  Marine  
  101  7:28  Medivac  
  105  7:38  Medivac  
  105  7:39  Marine x3  
  110  7:48  Command Center  
  113  7:51  Siege Tank  
  113  7:52  Marine x2  
  113  7:58  Supply Depot  
  115  8:00  Medivac  
  117  8:09  Marine x5  
  93  8:27  Marine x5  
  93  8:33  Siege Tank  
  88  8:35  Medivac x2  
  82  8:45  Marine x5  
  82  8:47  Barracks x2  
  85  8:52  SCV x2  
  85  8:53  Terran Infantry Armor Level 1  
  86  9:02  Marine x4  
  86  9:04  SCV x2  
  92  9:10  Siege Tank  
  92  9:12  SCV x2  
  97  9:21  Marine x5  
  97  9:28  SCV x2  
  97  9:29  Orbital Command  
  99  9:35  Armory  
  99  9:37  Engineering Bay  
  99  9:39  Barracks Reactor x2  
  99  9:42  SCV x2  
  101  9:49  Viking x2  
  105  9:54  SCV x3  
  105  9:57  Siege Tank  
  111  10:06  SCV x3, Refinery x2  
  113  10:07  Marine x5  
  118  10:16  Marine x3  
  118  10:18  SCV x3  
  124  10:21  Viking x2  
  128  10:28  Terran Infantry Weapons Level 2  
  128  10:32  Terran Vehicle Weapons Level 1  
  128  10:36  Marine x9  
  137  10:51  Viking x2  
  137  10:53  Marine x3  
  137  10:55  Siege Tank  
  147  10:59  Terran Infantry Armor Level 2  
  147  11:06  Supply Depot x4  
  147  11:10  Liberator, Marine x3  
  149  11:16  Marine x2  
  149  11:27  Marine x7  
  149  11:31  Supply Depot x2  
  159  11:34  Marine x2  
  159  11:35  Liberator, Sensor Tower  
  161  11:42  Supply Depot x2  
  161  11:45  Siege Tank, Marine x2  
  168  11:55  Factory  
  168  11:57  Barracks Reactor  
  164  12:03  Marine x8  
  164  12:14  Viking  
  166  12:21  Marine x7  
  169  12:29  Marine  
  173  12:35  Viking  
  175  12:38  Marine x9  
  184  12:46  Terran Infantry Weapons Level 3  
  184  12:47  Marine  
  181  12:53  Terran Vehicle Weapons Level 2  
  181  12:56  Marine x8  
  185  12:58  Action  Move main command center to 4th base
  188  13:09  Orbital Command  
  188  13:10  Medivac x2, Marine x7  
  194  13:17  Marine  
  199  13:23  Liberator x2  
  159  13:33  Marine  
  156  13:34  Terran Infantry Armor Level 3  
  156  13:40  Marine x8  
  165  13:48  Marine x2  
  140  13:58  Marine x8  
  144  14:03  Siege Tank  
  144  14:05  Marine x2  
  145  14:16  Marine x7  
  128  14:21  Marine  
  129  14:28  Marine x2  
  119  14:55  Marine x5  
  119  14:56  Orbital Command  
  118  15:05  Medivac  
  114  15:14  Marine  
  92  15:28  Siege Tank  
  92  15:32  Marine x2  
  64  15:37  Marine  
  64  15:42  Marine x3  
  65  15:47  Marine  
  67  15:55  Siege Tank  
  70  16:01  Marine x4  
  65  16:09  Marine x2  
  67  16:14  Marine x2  
  69  16:20  Marine x2  
  68  16:26  Marine x2  
  68  16:31  Marine x2  
  64  16:40  Marine x3  
  67  16:43  Action  Move natural command center to 5th base
  64  16:46  Orbital Command, Marine x4  
  71  16:59  Marine x4  
  75  17:09  Siege Tank  
  75  17:15  Siege Tank  
  79  17:27  Marine x10  
Spawning Tool Build Advisor. Get it on Overwolf

Analysis

Additional commentary on the ESL stream: https://youtu.be/-A4OC3iTwio

Go to:

Details

  • Created by: getitdunn
  • Published on: Mar 26, 2017
  • Modified on: Apr 07, 2017
  • Patch: 3.8.0
Show
View Real Time Build Order
Export as new Build Order

Comments (0)

There are no comments. Be the first!

Create an account to comment!